 Dungeon Crawl Stone Soup version 0.30-a0-279-g4b46babb21 (webtiles) character file.

Game seed: 1332678688042882676

374 plokij the Slasher (level 6, 0/84 HPs)
             Began as a Minotaur Berserker on Oct 16, 2022.
             Was a Believer of Trog.
             Killed from afar by an orc wizard (3 damage)
             ... with a magic dart
             ... on level 4 of the Dungeon.
             The game lasted 00:18:52 (3048 turns).

plokij the Slasher (Minotaur Berserker)             Turns: 3048, Time: 00:18:53

Health: 0/84       AC: 11    Str: 21    XL:     6   Next: 43%
Magic:  5/5        EV:  9    Int:  4    God:    Trog [**....]
Gold:   168        SH:  0    Dex: 12    Spells: 5/5 levels left

rFire   . . .      SeeInvis .    a - +0 falchion
rCold   + . .      Faith    .    (no shield)
rNeg    . . .      Spirit   .    g - +0 chain mail
rPois   .          Reflect  .    (helmet restricted)
rElec   .          Harm     .    h - +1 cloak
rCorr   .          Rampage  .    (no gloves)
Will    .....                    (no boots)
Stlth   ..........               (no amulet)
HPRegen 0.34/turn                t - ring of protection from cold
MPRegen 0.09/turn                (no ring)

@: berserking (expiring), very quick
A: horns 2, retaliatory headbutt
a: Renounce Religion, Berserk, Trog's Hand


You were on level 4 of the Dungeon.
You worshipped Trog.
Trog was pleased with you.
You visited 1 branch of the dungeon, and saw 4 of its levels.

You collected 168 gold pieces.

Inventory:

Hand Weapons
 a - a +0 falchion (weapon)
 c - a +1 dagger of holy wrath
 k - a +1 dagger of holy wrath
 n - a +0 sling
Missiles
 e - 34 stones (quivered)
Armour
 b - a +0 animal skin
 g - a +0 chain mail (worn)
 h - a +1 cloak (worn)
 i - a +1 robe of cold resistance
Jewellery
 t - a ring of protection from cold (left hand)
Scrolls
 d - 4 scrolls of identify {unknown}
 j - 2 scrolls of teleportation {unknown}
 m - a scroll of vulnerability {unknown}
 p - a scroll of magic mapping {unknown}
 q - a scroll of fear {unknown}
 r - a scroll of immolation {unknown}
 u - a scroll of silence {unknown}
Potions
 f - 2 potions of curing {unknown}
 l - a potion of cancellation {unknown}
 o - a potion of magic {unknown}
 s - a potion of invisibility {unknown}


   Skills:
 + Level 5.0 Fighting
 * Level 6.3 Long Blades
 + Level 4.2 Armour
 + Level 3.8 Dodging


You had 5 spell levels left.
You didn't know any spells.
Your spell library contained the following spells:

 Spells                   Type           Power      Damage    Failure   Level
 Call Canine Familiar     Summ           0%         N/A       100%        3
 Portal Projectile        Hex/Tloc       0%         N/A       100%        3
 Leda's Liquefaction      Hex/Erth       0%         N/A       100%        4


Dungeon Overview and Level Annotations

Branches:
Dungeon (4/15)
 Temple: D:4-7

Altars:
Cheibriados
Sif Muna
Trog


Innate Abilities, Weirdness & Mutations

You have a pair of horns on your head.
You reflexively headbutt those who attack you in melee.


Message History

The orc is heavily wounded.
The orc hits you with a +0 war axe.
The orc priest hits you with a +0 flail.
You hit the orc. Your headbutt misses the orc.
The orc is almost dead.
You hit the orc.
You kill the orc!
Trog accepts your kill.
The orc priest hits you but does no damage.
Something hits you.
You barely miss the orc priest. You headbutt the orc priest!
The orc priest is severely wounded.
You hear some strange, mumbled words.
A magic dart appears from out of thin air!
The magic dart hits you. The orc priest closely misses you.
You hit the orc priest. Your headbutt misses the orc priest.
The orc priest is almost dead.
You hit the orc priest.
The orc priest is almost dead.
Something hits you but does no damage.
The orc priest invokes the aid of Beogh against you.
Beogh smites you!
* * * LOW HITPOINT WARNING * * *
You completely miss the orc priest.
The orc priest is almost dead.
The orc priest calls down the wrath of Beogh upon you.
Pain shoots through your body!
* * * LOW HITPOINT WARNING * * *
You hear some strange, mumbled words.
A magic dart appears from out of thin air!
The magic dart hits you.
* * * LOW HITPOINT WARNING * * *
You slash the orc priest!
You kill the orc priest!
Trog accepts your kill.
You slash something! Your headbutt misses something.
You hear some strange, mumbled words.
A magic dart appears from out of thin air!
The magic dart hits you.
You die...

#.........#
#.........#
#.........#
#.........#+###
#...............
#................
#................
#.†..)){.........
#.....@.........
#...............
#.<.........##
#...........#
#...........#
#...........#
#...........#
#...........#
#...........#


There were no monsters in sight!

Vanquished Creatures
  Sigmund (D:2)
  An orc priest (D:4)
  Jessica (D:2)
  An orc wizard (D:3)
  4 adders
  5 worms
  3 dart slugs
  2 orcs
  4 bats
  7 endoplasms
  8 giant cockroaches
  4 goblins
  11 hobgoblins
  3 quokkas
  8 ball pythons
  2 frilled lizards (D:1)
  8 kobolds
  6 rats
79 creatures vanquished.

Notes
Turn   | Place    | Note
-------+----------+-------------------------------------------
     0 | D:1      | plokij the Minotaur Berserker began the quest for the Orb.
     0 | D:1      | Reached XP level 1. HP: 19/19 MP: 0/0
   158 | D:1      | Reached XP level 2. HP: 27/27 MP: 1/1
   174 | D:1      | Reached skill level 4 in Long Blades
   561 | D:1      | Reached XP level 3. HP: 33/33 MP: 2/2
   702 | D:1      | Reached ** piety under Trog
  1172 | D:2      | Noticed Sigmund
  1306 | D:2      | Reached XP level 4. HP: 30/40 MP: 3/3
  1406 | D:2      | Killed Sigmund
  1407 | D:2      | Reached skill level 5 in Long Blades
  1407 | D:2      | Reached XP level 5. HP: 16/47 MP: 4/4
  1637 | D:2      | Noticed Jessica
  1646 | D:2      | Killed Jessica
  1769 | D:2      | Reached XP level 6. HP: 53/55 MP: 5/5
  2223 | D:3      | Reached skill level 6 in Long Blades
  2282 | D:3      | Found a bloodstained altar of Trog.
  2284 | D:3      | Found a snail-covered altar of Cheibriados.
  2556 | D:3      | Found a shimmering blue altar of Sif Muna.
  2560 | D:3      | Reached skill level 5 in Fighting
  3046 | D:4      | HP: 3/84 [something/magic dart (4)]
  3048 | D:4      | Killed from afar by an orc wizard

Illustrated notes

Levels and vault maps discovered:
D:1:      doesnt_arrival_eight_statues, layout_basic
D:2:      layout_loops_cross, amcnicky_mini_corridor_feature, uniq_sigmund,
          uniq_jessica
D:3:      layout_loops_ring, kennysheep_orc_sif_temple,
          chequers_temple_overflow_statue_of_worship, minmay_shallow_snake_nest
D:4:      layout_gridville, minmay_temple_entry_mini_moons, supply_closet_lemuel

Skill      XL: |  1  2  3  4  5  6 |
---------------+-------------------+-----
Long Blades    | 4 5 6 |  6.3
Fighting       | 4 5 |  5.0
Armour         | 3 4 |  4.2
Dodging        | 3 |  3.8

Action                   |  1- 3 |  4- 6 || total
-------------------------+-------+-------++-------
Melee: Falchion          |    96 |   104 ||   200
       Headbutt          |    14 |    14 ||    28
       Punch             |     1 |       ||     1
Invok: Berserk           |     1 |     4 ||     5
Armor: Animal skin       |    12 |       ||    12
       Chain mail        |    18 |    38 ||    56
       Scale mail        |     6 |       ||     6
Dodge: Dodged            |    49 |    35 ||    84

Table legend: (Time is in decaauts)
 A = Elapsed time spent in this place.
 B = Non-inter-level travel time spent in this place.
 C = Inter-level travel time spent in this place.
 D = Time resting spent in this place.
 E = Time spent auto-exploring this place.
 F = Levels seen in this place.
 G = Mean time per level.
                   A        B        C        D        E       F      G
               +--------+--------+--------+--------+--------+-----+--------+
         Total |   3093 |   2372 |    721 |    207 |   1478 |   4 |  773.2 |
       Dungeon |   3093 |   2372 |    721 |    207 |   1478 |   4 |  773.2 |
               +--------+--------+--------+--------+--------+-----+--------+

Top non-repeatable levels by time:
     D:1: 1055 daAuts
     D:2: 1052 daAuts
     D:3: 877 daAuts
     D:4: 107 daAuts
